 Dungeon Crawl Stone Soup version 0.30.1-11-g7821555f0a (webtiles) character file.

Game seed: 16799793295817864125

19 KittyFluff the Trooper (level 2, 0/19 HPs)
             Began as a Gargoyle Berserker on Nov 12, 2023.
             Was a Follower of Trog.
             Slain by a goblin
             ... wielding a +0 club
             ... led by Robin
              (1 damage)
             ... on level 2 of the Dungeon.
             The game lasted 00:02:23 (650 turns).

KittyFluff the Trooper (Gargoyle Berserker)          Turns: 650, Time: 00:02:24

Health: 0/19       AC:  6    Str: 20    XL:     2   Next: 75%
Magic:  2/2        EV: 11    Int:  7    God:    Trog [*.....]
Gold:   69         SH:  0    Dex:  9    Spells: 1/1 levels left

rFire   . . .        a - +0 mace
rCold   . . .        (no shield)
rNeg    + . .        i - +0 leather armour
rPois   ∞            (no helmet)
rElec   +            (no cloak)
rCorr   .            (no gloves)
SInv    .            (no boots)
Will    .....        (no amulet)
Stlth   +            h - ring of flight
HPRegen 0.23/turn    (no ring)
MPRegen 0.08/turn

%: no passive effects
@: flying
A: sickness immunity, AC +2, negative energy resistance 1, electricity
resistance, torment resistance 1, petrification resistance
a: Renounce Religion, Berserk


You were on level 2 of the Dungeon.
You worshipped Trog.
Trog was aware of your devotion.
You visited 1 branch of the dungeon, and saw 2 of its levels.

You collected 69 gold pieces.

Inventory:

Hand Weapons
 a - a +0 mace (weapon)
Armour
 i - a +0 leather armour (worn)
Jewellery
 h - a ring of flight (left hand)
Scrolls
 c - a scroll of teleportation {unknown}
 e - a scroll of blinking {unknown}
 f - 3 scrolls of identify {unknown}
Potions
 d - 2 potions of invisibility {unknown}
 g - 2 potions of mutation {unknown}


   Skills:
 + Level 3.4 Fighting
 * Level 3.3 Maces & Flails
 * Level 2.6 Armour
 + Level 1.7 Dodging
 + Level 0.5 Stealth


You had one spell level left.
You didn't know any spells.
Your spell library was empty.

Dungeon Overview and Level Annotations

Branches:
Dungeon (2/15)

Altars:

Annotations:
D:2 Robin


Innate Abilities, Weirdness & Mutations

You are immune to sickness and miasma.
Your stone body is resilient. (AC +2)
You are immune to poison.
You resist negative energy. (rN+)
You are resistant to electric shocks. (rElec)
You are resistant to unholy torment.
You are immune to petrification.


Message History

The goblin is moderately wounded.
The bat hits you. The goblin hits you with a +0 dagger.
You barely miss the bat. The bat hits you but does no damage.
The bat barely misses you.
A rat comes into view.
The goblin hits you with a +0 dagger. The bat hits you but does no damage.
You sock the goblin!
You kill the goblin!
Trog accepts your kill. The bat hits you but does no damage.
The bat barely misses you. Robin throws the goblin at you!
The goblin misses you.
You hit the goblin.
The goblin is severely wounded.
The bat hits you. The bat closely misses you.
The goblin hits you with a +4 dagger.
You barely miss the goblin.
The goblin is severely wounded.
The bat hits you but does no damage. x2; The goblin hits you with a +4 dagger.
* * * LOW HITPOINT WARNING * * *
The goblin hits you with a +4 dagger.
* * * LOW HITPOINT WARNING * * *
You barely miss the goblin.
The goblin is severely wounded.
The bat closely misses you. The goblin hits you but does no damage.
You hit the goblin.
You kill the goblin!
Trog accepts your kill.
The goblin no longer looks unusually strong.
The bat misses you. The bat hits you but does no damage. x2
You sock the bat!
You kill the bat!
Trog accepts your kill.
The goblin no longer looks unusually strong.
Robin says, "My goblins will feast on your bones."
Robin throws the goblin at you!
* * * LOW HITPOINT WARNING * * *
You closely miss the goblin.
The hobgoblin no longer looks unusually strong.
The goblin barely misses you. The goblin hits you with a +0 club.
You die...

#.# ####.# ..:....
#.##.# ....... #.##.#
....... #.##.#
....... #.##.#
....... #.##.#
#......#
#.##.####gr....##
###.##..g@ggg..... .
#...##.####gg...###.#
###.##.####.....#....
#..................
####.####.....#....
#.......).........g
####.#####..#.#....
###.#####..#.# <
#####..........#.#


You could see Robin, 3 hobgoblins, 3 goblins and a rat.

Vanquished Creatures
  A dart slug (D:1)
  A ball python (D:1)
  A bat (D:2)
  An endoplasm (D:1)
  6 goblins (D:2)
  3 kobolds
  A rat (D:2)
14 creatures vanquished.

Notes
Turn   | Place    | Note
-------+----------+-------------------------------------------
     0 | D:1      | KittyFluff the Gargoyle Berserker began the quest for the
                  | Orb.
     0 | D:1      | Reached XP level 1. HP: 14/14 MP: 1/1
   169 | D:1      | Found a faded altar of an unknown god.
   304 | D:1      | Reached XP level 2. HP: 12/19 MP: 2/2
   634 | D:2      | Identified the +0 helmet "Ydduhotsa" {rN+}
   634 | D:2      | Noticed Robin
   650 | D:2      | Slain by a goblin

Illustrated notes

Levels and vault maps discovered:
D:1:      kennysheep_arrival_forest, layout_rooms,
          shapermc_ecumenical_altar_rom_forum
D:2:      layout_basic, grunt_ministairs_2, corexii_leaking_fountain, hex_large,
          uniq_robin

Action                     || total
---------------------------++-------
  Melee: Mace              ||    32
 Armour: Leather armour    ||    16
         Animal skin       ||     2
  Dodge: Dodged            ||    21
